 Dungeon Crawl Stone Soup version 0.17.0-25-gefc9c12 (webtiles) character file.

98 NekoKawashu the Slasher (level 4, -8/37 HPs)
             Began as a Hill Orc Gladiator on Nov 18, 2015.
             Was a Follower of Ashenzari.
             Mangled by an iguana (12 damage)
             ... on level 4 of the Dungeon.
             The game lasted 00:09:38 (2933 turns).

NekoKawashu the Slasher (Hill Orc Gladiator)        Turns: 2933, Time: 00:09:38

Health: -8/37      AC:  4    Str: 18    XL:     4   Next: 69%
Magic:  4/4        EV: 11    Int:  5    God:    Ashenzari [*.....]
Gold:   172        SH:  0    Dex:  6    Spells: 0 memorised, 3 levels left

rFire  . . .     SeeInvis .     g - +3 hand axe (freeze)
rCold  . . .     Clarity  .     b - +0 leather armour
rNeg   . . .     SustAt   .     (no shield)
rPois  .         Gourm    .     c - +0 helmet
rElec  .         Spirit   .     (no cloak)
rCorr  .         Warding  .     (no gloves)
rMut   .         Stasis   .     (no boots)
MR     .....                    (no amulet)
Stlth  +.........               j - -3 ring of intelligence (curse)
                                m - -5 ring of dexterity (curse)

@: not resistant to hostile enchantments, very unstealthy
A: no striking features
a: Scrying, Renounce Religion


You were on level 4 of the Dungeon.
You worshipped Ashenzari.
Ashenzari was aware of your devotion.
You were not hungry.

You visited 1 branch of the dungeon, and saw 4 of its levels.

You collected 172 gold pieces.

Inventory:

Hand Weapons
 a - a +0 long sword
 e - a +1 dagger of venom
 g - a +3 hand axe of freezing (weapon)
Missiles
 d - a throwing net
 p - 11 tomahawks (quivered)
Armour
 b - a +0 leather armour (worn)
 c - a +0 helmet (worn)
Jewellery
 j - a cursed -3 ring of intelligence (right hand)
 m - a cursed -5 ring of dexterity (left hand)
 r - a +3 ring of evasion
 v - an uncursed ring of fire
Wands
 w - a wand of slowing (9)
 x - a wand of flame (16)
Scrolls
 f - 2 scrolls of recharging
 i - a scroll of magic mapping
 k - 3 scrolls of identify
 l - 5 scrolls of remove curse
 o - 2 scrolls of enchant armour
 t - a scroll of blinking
 y - a scroll of fog
Potions
 h - a potion of might {unknown}
 n - a potion of heal wounds {unknown}
 q - a potion of haste {unknown}
 u - 2 potions of degeneration {unknown}
Comestibles
 s - a royal jelly
 z - a bread ration


   Skills:
 + Level 2.8 Fighting
 + Level 0.4(2.0) Short Blades
 + Level 3.6 Long Blades
 + Level 1.3 Axes
 + Level 2.2 Throwing
 + Level 1.8 Armour
 + Level 3.1 Dodging
 + Level 0.1 Stealth


You had 3 spell levels left.
You didn't know any spells.

Dungeon Overview and Level Annotations

Branches:
Dungeon (4/15)
 Temple: D:4-7

Altars:
Ashenzari
Elyvilon
Trog


Message History

You closely miss the adder.
The adder is severely wounded.
You hit the iguana. You freeze the iguana.
The iguana is severely wounded.
The adder closely misses you. The iguana barely misses you.
You closely miss the adder.
The adder is severely wounded.
You barely miss the iguana.
The iguana is severely wounded.
The iguana is no longer moving slowly.
The adder bites you but does no damage. The iguana closely misses you.
The adder completely misses you.
You closely miss the iguana.
The iguana is severely wounded.
You hit the adder. You freeze the adder.
You kill the adder!
The iguana misses you.
You closely miss the iguana.
The iguana is severely wounded.
The iguana bites you!
You die...

.$# ##.# # #$.+ #.
#..+ #.. #..# #...
#..## #....#...##
#.....l@..######..#
#...#.............#
# #.#.######....#
...#.. ..... ###
#.## #### ... ###


You could see an iguana.

Vanquished Creatures
  3 adders
  An adder skeleton (D:4)
  2 worms
  An orc (D:3)
  2 giant cockroaches (D:3)
  4 goblins
  7 hobgoblins
  8 jackals
  12 kobolds
  2 quokkas (D:3)
  A ball python (D:2)
  4 bats
  2 giant geckos (D:3)
  4 giant newts
  8 rats
61 creatures vanquished.

Notes
Turn   | Place    | Note
--------------------------------------------------------------
     0 | D:1      | NekoKawashu the Hill Orc Gladiator began the quest for the Orb.
     0 | D:1      | Reached XP level 1. HP: 18/18 MP: 1/1
    79 | D:1      | Found a shattered altar of Ashenzari.
   233 | D:1      | Became a worshipper of Ashenzari the Shackled
   389 | D:1      | Reached XP level 2. HP: 25/25 MP: 2/2
   749 | D:2      | Found a white marble altar of Elyvilon.
   963 | D:2      | Reached XP level 3. HP: 26/30 MP: 3/3
  2047 | D:3      | Reached * piety under Ashenzari
  2057 | D:3      | Reached skill level 1 in Axes
  2097 | D:3      | Reached skill level 1 in Armour
  2116 | D:3      | Reached XP level 4. HP: 20/37 MP: 4/4
  2500 | D:3      | Found a bloodstained altar of Trog.
  2933 | D:4      | Mangled by an iguana

Action                   |  1- 3 |  4- 6 || total
-------------------------+-------+-------++-------
Melee: Hand axe          |    71 |    58 ||   129
       Dagger            |    37 |       ||    37
Throw: Throwing net      |     9 |       ||     9
       Tomahawk          |    10 |       ||    10
Evoke: Wand              |       |     1 ||     1
  Use: Scroll            |     8 |     4 ||    12
       Potion            |       |     2 ||     2
  Eat: Bread ration      |     1 |       ||     1
       Royal jelly       |       |     1 ||     1
